 Dungeon Crawl Stone Soup version 0.31-a0-237-g2d982f9f85 (webtiles) character file.

Game seed: 14772027477477138747

69 qw the Shooter (level 4, -2/36 HPs)
             Began as a Minotaur Hexslinger on July 10, 2023.
             Slain by a gnoll
             ... wielding a +0 spear
              (7 damage)
             ... on level 3 of the Dungeon.
             The game lasted 00:00:35 (1845 turns).

qw the Shooter (Minotaur Hexslinger)                Turns: 1845, Time: 00:00:36

Health: -2/36      AC:  3    Str: 12    XL:     4   Next: 2%
Magic:  4/4        EV: 12    Int: 10    God:
Gold:   154        SH:  0    Dex: 15    Spells: 4/5 levels left

rFire   . . .        Y - +1 sling
rCold   . . .        (no shield)
rNeg    + . .        l - +0 leather armour
rPois   +            (helmet restricted)
rElec   .            (no cloak)
rCorr   .            (no gloves)
SInv    .            (no boots)
Will    .....        (no amulet)
Stlth   +            d - ring of positive energy
HPRegen 0.26/turn    h - ring of poison resistance
MPRegen 0.09/turn

%: no passive effects
@: about to teleport
A: horns 2, retaliatory headbutt
a: no special abilities


You were on level 3 of the Dungeon.
You visited 1 branch of the dungeon, and saw 3 of its levels.

You collected 154 gold pieces.


Innate Abilities, Weirdness & Mutations

You have a pair of horns on your head.
You reflexively headbutt those who attack you in melee.


   Skills:
 - Level 2.1 Fighting
 + Level 4.4 Ranged Weapons
 - Level 2.1 Dodging
 - Level 1.0 Spellcasting
 - Level 2.0 Hexes


You had 4 spell levels left.
You knew the following spells:

 Your Spells              Type           Power      Damage    Failure   Level
a - Slow                  Hex            16%        N/A       19%         1

Your spell library contained the following spells:

 Spells                   Type           Power      Damage    Failure   Level
 Inner Flame              Hex/Fire       2%         N/A       65%         3
 Portal Projectile        Hex/Tloc       4%         N/A       65%         3
 Cause Fear               Hex            2%         N/A       88%         4

Inventory:

Hand Weapons
 Y - a +1 sling (weapon)
Armour
 l - a +0 leather armour (worn)
Jewellery
 d - a ring of positive energy (left hand)
 h - a ring of poison resistance (right hand)
Scrolls
 a - a scroll of identify
Potions
 f - a potion of enlightenment
 i - a potion of might
 m - 3 potions of curing {unknown}

Dungeon Overview and Level Annotations

Branches:
Dungeon (3/15)

Altars:


Message History

The gnoll barely misses you. The gnoll hits you with a +0 whip.
The gnoll closely misses you. x2
You shoot a sling bullet. The sling bullet hits the gnoll.
The gnoll is heavily wounded.
The gnoll barely misses you. x2
You shoot a sling bullet.
The sling bullet barely misses the gnoll.
The gnoll closely misses you. The gnoll hits you with a +0 whip.
You shoot a sling bullet. The sling bullet hits the gnoll.
You kill the gnoll!
The gnoll closely misses you.
You have reached level 4!
You feel agile.
1840 ||| Stepping ~*~*~tactically~*~*~ (outnumbered).
Enter note:
Enter note:
Enter note:
Enter note:
Enter note:
Enter note: You shoot a sling bullet.
The sling bullet barely misses the gnoll.
The gnoll barely misses you. The gnoll closely misses you.
You shoot a sling bullet.
The sling bullet completely misses the gnoll.
The gnoll closely misses you. The gnoll barely misses you.
You shoot a sling bullet.
The sling bullet hits the gnoll but does no damage.
The gnoll is lightly wounded.
The gnoll closely misses you.
The gnoll hits you from afar with a +0 spear.
You shoot a sling bullet. The sling bullet hits the gnoll.
The gnoll is moderately wounded.
The gnoll hits you from afar with a +0 halberd!
The gnoll closely misses you.
1845 ||| READING scroll of teleportation.
As you read the scroll of teleportation, it crumbles to dust.
You feel strangely unstable. The gnoll barely misses you.
The gnoll hits you from afar with a +0 spear!
You die...

.# .# #######+#.#
...g.g..#.##
....g..<...#
#########g...#
.......@.g...# ..#
#..######....##..# #
#....##..###.#.#
#....##..##....#
#....##..##....#
#..............#
#####..........#
#.#.######..........#
..........##..##....#


You could see 2 gnolls.

Vanquished Creatures
  2 gnolls
  An adder (D:2)
  A dart slug (D:2)
  5 ball pythons
  3 endoplasms
  A giant cockroach (D:1)
  7 goblins
  4 hobgoblins (D:1)
  A quokka (D:2)
  2 bats
  A frilled lizard (D:2)
  6 kobolds
  4 rats
38 creatures vanquished.

Notes
Turn   | Place    | Note
-------+----------+-------------------------------------------
     0 | D:1      | qw the Minotaur Hexslinger began the quest for the Orb.
     0 | D:1      | Reached XP level 1. HP: 16/16 MP: 1/1
     0 | D:1      | 0 ||| qw: Version: 0.3-a-52-g30416fa
     0 | D:1      | 0 ||| qw: Game counter: 5365
     0 | D:1      | 0 ||| qw: Melee chars always use a shield: true
     0 | D:1      | 0 ||| qw: God list: Okawaru
     0 | D:1      | 0 ||| qw: Allow faded altars: false
     0 | D:1      | 0 ||| qw: Do Orc after clearing Dungeon:15 true
     0 | D:1      | 0 ||| qw: Do second Lair branch before Depths: true
     0 | D:1      | 0 ||| qw: Lair rune preference: random
     0 | D:1      | 0 ||| qw: Goals: Normal
     0 | D:1      | 0 ||| PLANNING D:1-11
   118 | D:1      | Reached skill level 3 in Ranged Weapons
   124 | D:1      | HP: 4/16 [gnoll/+0 whip (3)]
   127 | D:1      | Reached XP level 2. HP: 7/24 MP: 2/2
   129 | D:1      | HP: 4/24 [rat (2)]
   575 | D:1      | Reached XP level 3. HP: 29/29 MP: 3/3
   755 | D:1      | 755 ||| UPGRADING to ring of positive energy.
   756 | D:1      | 756 ||| UPGRADING to ring of poison resistance.
   757 | D:1      | 757 ||| READING 3 scrolls labelled JAUQ OGGAZE.
   758 | D:1      | 758 ||| READING scroll labelled ZUEMEB ILOBYHI.
   759 | D:1      | 759 ||| READING 2 scrolls of identify.
   759 | D:1      | 759 ||| IDENTIFYING glowing black potion
   760 | D:1      | 760 ||| DROPPING scroll of poison.
   761 | D:1      | 761 ||| DROPPING potion of lignification.
  1155 | D:2      | Reached skill level 4 in Ranged Weapons
  1424 | D:2      | 1424 ||| UPGRADING to +0 leather armour.
  1434 | D:2      | 1434 ||| DROPPING +0 robe.
  1435 | D:2      | 1435 ||| READING 2 scrolls labelled KESMIN SODUME.
  1440 | D:2      | 1440 ||| READING scroll labelled BOCUTHRAQYNT.
  1441 | D:2      | 1441 ||| READING scroll labelled FINON QEUTE.
  1489 | D:2      | 1489 ||| READING scroll labelled RONEGA FIRU.
  1590 | D:2      | 1590 ||| READING scroll labelled XIXAATAXEZ.
  1591 | D:2      | 1591 ||| READING scroll labelled WAZXOITOPT.
  1592 | D:2      | 1592 ||| DRINKING 2 bubbling white potions.
  1593 | D:2      | 1593 ||| READING 2 scrolls of identify.
  1593 | D:2      | 1593 ||| IDENTIFYING bubbling coppery potion
  1829 | D:3      | 1829 ||| Stepping ~*~*~tactically~*~*~ (outnumbered).
  1831 | D:3      | 1831 ||| Stepping ~*~*~tactically~*~*~ (outnumbered).
  1833 | D:3      | 1833 ||| Stepping ~*~*~tactically~*~*~ (outnumbered).
  1840 | D:3      | Reached XP level 4. HP: 17/36 MP: 4/4
  1840 | D:3      | 1840 ||| Stepping ~*~*~tactically~*~*~ (outnumbered).
  1844 | D:3      | HP: 4/36 [gnoll/+0 halberd (9)]
  1845 | D:3      | 1845 ||| READING scroll of teleportation.
  1845 | D:3      | Slain by a gnoll

Levels and vault maps discovered:
D:1:      dpeg_arrival_tiny_g, layout_loops_ring, nicolae_grassy_gnolls
D:2:      layout_loops_ring
D:3:      layout_basic, mainiacjoe_overflow_large_starburst, minmay_bisected,
          uniq_natasha

Skill      XL: |  1  2  3 |
---------------+----------+-----
Ranged Weapons | 3 4 |  4.4
Fighting       | 2 |  2.1
Dodging        | |  2.1
Spellcasting   | |  1.0
Hexes          | |  2.0

Action                     |  1- 3 |  4- 6 || total
---------------------------+-------+-------++-------
   Fire: Sling             |   102 |     4 ||   106
    Use: Scroll            |    10 |     1 ||    11
         Potion            |     1 |       ||     1
 Armour: Robe              |     7 |       ||     7
  Dodge: Dodged            |    26 |     7 ||    33

Table legend:
 A = Non-vault XP
 B = Vault XP
 C = Vault XP percentage of total XP
 D = Non-vault monster count
 E = Vault monster count
 F = Vault count percentage of total count
                 A         B        C        D         E       F
            +---------+---------+-------+---------+---------+-------
      Total |      85 |      14 |  14.1 |      37 |       1 |   2.6
            +---------+---------+-------+---------+---------+-------
        D:1 |      29 |      14 |  32.6 |      18 |       1 |   5.3
        D:2 |      37 |       0 |   0.0 |      15 |       0 |   0.0
        D:3 |      19 |       0 |   0.0 |       4 |       0 |   0.0
            +---------+---------+-------+---------+---------+-------
